 Dungeon Crawl Stone Soup version 0.29-a0-321-gf1c400731a (webtiles) character file.

Game seed: 17771119838842605716

455 rabbitsville the Shooter (level 7, 0/39 HPs)
             Began as a Tengu Hunter on Apr 3, 2022.
             Was an Initiate of Hepliaklqana.
             Slain by Duvessa
             ... wielding a +3 short sword of speed
              (9 damage)
             ... on level 5 of the Dungeon.
             The game lasted 00:10:52 (3806 turns).

rabbitsville the Shooter (Tengu Hunter)             Turns: 3806, Time: 00:10:52

Health: 0/39       AC:  3    Str: 12    XL:     7   Next: 5%
Magic:  8/8        EV: 14    Int:  9    God:    Hepliaklqana [......]
Gold:   154        SH:  0    Dex: 19    Spells: 6/6 levels left

rFire   . . .      SeeInvis +   a - +2 shortbow
rCold   . . .      Faith    .   (shield currently unavailable)
rNeg    . . .      Spirit   .   d - +0 leather armour
rPois   +          Reflect  .   (helmet restricted)
rElec   .          Harm     .   (no cloak)
rCorr   .          Rampage  .   (no gloves)
Will    .....                   (boots unavailable)
Stlth   ++........              (no amulet)
HPRegen 0.13/turn               n - +4 ring of slaying
MPRegen 0.11/turn               m - ring of poison resistance

@: flying quickly and evasively, quick
A: beak, talons 3, nimble flight, see invisible, frail 1, mutation resistance 1,
no potion heal 1
a: Renounce Religion


You were on level 5 of the Dungeon.
You worshipped Hepliaklqana.
Hepliaklqana was noncommittal.
You visited 2 branches of the dungeon, and saw 6 of its levels.

You collected 154 gold pieces.

Inventory:

Hand Weapons
 a - a +2 shortbow (weapon)
 b - a +1 dagger of venom
Missiles
 j - 3 javelins
Armour
 d - a +0 leather armour (worn)
Jewellery
 k - a ring of positive energy
 m - a ring of poison resistance (right hand)
 n - a +4 ring of slaying (left hand)
Wands
 e - a wand of flame (25)
Scrolls
 c - 2 scrolls of immolation
 f - a scroll of enchant weapon
 g - a scroll of blinking {unknown}
 h - a scroll of enchant armour
Potions
 l - a potion of resistance


   Skills:
 + Level 4.4 Fighting
 * Level 7.8 Bows
 - Level 2.1 Dodging
 - Level 1.0 Stealth


You had 6 spell levels left.
You didn't know any spells.
Your spell library contained the following spells:

 Spells                   Type           Power      Damage    Failure   Level
 Animate Skeleton         Necr           0%         N/A       45%         1
 Apportation              Tloc           0%         N/A       45%         1
 Foxfire                  Conj/Fire      0%         2x1d4     45%         1
 Magic Dart               Conj           0%         1d3       45%         1
 Summon Small Mammal      Summ           0%         N/A       45%         1
 Call Imp                 Summ           0%         N/A       61%         2
 Conjure Flame            Conj/Fire      0%         6-21      83%         3
 Gell's Gravitas          Tloc           0%         N/A       83%         3
 Inner Flame              Hex/Fire       0%         N/A       83%         3
 Mephitic Cloud           Conj/Pois/Air  0%         N/A       83%         3
 Teleport Other           Tloc           0%         N/A       83%         3
 Animate Dead             Necr           0%         N/A       99%         4
 Flame Wave               Conj/Fire      0%         2d4       99%         4
 Dispersal                Tloc           0%         N/A       100%        6
 Haunt                    Necr/Summ      0%         N/A       100%        7
 Infestation              Necr           0%         N/A       100%        8


Dungeon Overview and Level Annotations

Branches:
Dungeon (5/15)             Temple (1/1) D:5

Altars:
Cheibriados
Dithmenos
Elyvilon
Fedhas
Gozag
Hepliaklqana
Kikubaaqudgha
Makhleb
Nemelex Xobeh
Okawaru
Qazlal
Ru
Sif Muna
Trog
Uskayaw
Vehumet
Wu Jian
Xom
Yredelemnul
Zin
The Shining One

Annotations:
D:5 Dowan, Duvessa


Innate Abilities, Weirdness & Mutations

You have a beak for a mouth.
You have claws for feet.
Your magical nature lets you fly swiftly and evasively.
You have supernaturally acute eyesight. (SInv)
You are frail. (-10% HP)
You are somewhat resistant to further mutation.
Potions are less effective at restoring your health.


Message History

There is an open door here.
There is a snail-covered altar of Cheibriados here.
You reach down and open the door.
There is an open door here.
There is a hazy altar of Hepliaklqana here.
You hover solemnly before the altar of Hepliaklqana.
Hepliaklqana welcomes you!
There is an open door here.
Done exploring.
There is an open door here.
There is an open door here.
There is an open door here.
There is an open door here.
There is an open door here.
There is a white marble altar of Elyvilon here.
There is an open door here.
There is a staircase back to the Dungeon here.
You're wearing all the rings you can.
Remove which one? (? for menu, Esc to cancel) < or
k - a ring of positive energy; > or
m - a ring of poison resistance You remove your ring of positive energy.
n - a +4 ring of slaying (left hand) Unknown command.
Okay, then.
You fly upwards.
Welcome back to the Dungeon!
Level annotation: Dowan, Duvessa Duvessa closely misses you.
The ogre hits you with a +0 giant club!
Duvessa hits you with a +3 short sword of speed.
There is a staircase to the Ecumenical Temple here.
It was a potion of mutation.
You feel extremely strange.
You feel frail.
Your vision sharpens.
Your system partially rejects the healing effects of potions.
You feel genetically stable.
Dowan hits you with a +2 dagger of venom.
Duvessa gestures with her weapon.
Duvessa hits you with a +3 short sword of speed!
* * * LOW HITPOINT WARNING * * *
The white imp lashes its tail.
Duvessa hits you with a +3 short sword of speed!
You die...

#.... #....##
#..<.##.#..#####
#........÷.......
#
.###.....###..#.
.. #≈≈≈≈≈≈≈≈≈# ##
#.#≈#.....#≈#.#
#..≈.......≈..#
#..≈.......≈..#
#..≈...@...≈..#
#..≈..Oee..≈..#
....≈.......≈..#
....#≈#..5..#≈#.#
.....#≈≈≈Y≈≈≈≈≈#
#
.....###.....###
....... .........
.........#


You could see Duvessa, an ice beast, an ogre, Dowan and a white imp.

Vanquished Creatures
  2 kobold brigands (D:3)
  Blork the orc (D:5)
  A hound (D:5)
  3 orc wizards (D:5)
  3 gnolls (D:2)
  3 adders
  An ufetubus (D:4)
  2 worms
  2 dart slugs
  7 orcs
  7 ball pythons
  4 bats
  4 endoplasms
  2 giant cockroaches
  8 goblins
  4 hobgoblins
  3 quokkas
  A frilled lizard (D:3)
  13 kobolds
  2 rats
73 creatures vanquished.

Notes
Turn   | Place    | Note
-------+----------+-------------------------------------------
     0 | D:1      | rabbitsville the Tengu Hunter began the quest for the Orb.
     0 | D:1      | Reached XP level 1. HP: 12/12 MP: 2/2
   226 | D:1      | You fall into a shaft and drop 1 floor!
   315 | D:1      | Reached XP level 2. HP: 17/17 MP: 3/3
   677 | D:1      | Reached skill level 5 in Bows
   936 | D:2      | Reached XP level 3. HP: 22/22 MP: 4/4
   955 | D:2      | Found a faded altar of an unknown god.
  1125 | D:2      | Reached XP level 4. HP: 27/27 MP: 5/5
  1662 | D:3      | Noticed a kobold brigand
  1663 | D:3      | Noticed a kobold brigand
  2284 | D:3      | Reached skill level 6 in Bows
  2352 | D:3      | Killed a kobold brigand
  2353 | D:3      | Gained mutation: Your magical nature lets you fly swiftly
                  | and evasively. [Tengu growth]
  2353 | D:3      | Reached XP level 5. HP: 24/32 MP: 6/6
  2764 | D:3      | Killed a kobold brigand
  2765 | D:3      | Reached XP level 6. HP: 10/38 MP: 7/7
  3190 | D:4      | Reached skill level 7 in Bows
  3226 | D:5      | Entered Level 5 of the Dungeon
  3228 | D:5      | Noticed Blork the orc
  3238 | D:5      | Killed Blork the orc
  3461 | D:5      | Found a staircase to the Ecumenical Temple.
  3471 | D:5      | Reached XP level 7. HP: 41/44 MP: 8/8
  3477 | D:5      | Noticed Duvessa
  3478 | D:5      | Noticed Dowan
  3483 | Temple   | Entered the Ecumenical Temple
  3748 | Temple   | Became a worshipper of Hepliaklqana the Forgotten
  3806 | D:5      | Gained mutation: You are frail. (-10% HP) [potion of
                  | mutation]
  3806 | D:5      | Gained mutation: You have supernaturally acute eyesight.
                  | (SInv) [potion of mutation]
  3806 | D:5      | Gained mutation: Potions are less effective at restoring
                  | your health. [potion of mutation]
  3806 | D:5      | Gained mutation: You are somewhat resistant to further
                  | mutation. [potion of mutation]
  3806 | D:5      | Slain by Duvessa

Illustrated notes

Levels and vault maps discovered:
D:1:      evilmike_arrival_rings, layout_basic
D:2:      layout_basic, hellmonk_ecumenical_altar_blasted, minmay_tetromino_o2
D:3:      cheibrodos_thug_alley, layout_loops_ring
D:4:      layout_loops_cross, ebering_ghost_reflecting_pool, uniq_edmund
D:5:      layout_rooms, minmay_temple_entry_water_ring, serial_shops, shop,
          uniq_blork_the_orc, uniq_pikel, uniq_duvessa
Temple:   mainiacjoe_temple_hex_bubbles

Skill      XL: |  1  2  3  4  5  6 |
---------------+-------------------+-----
Bows           | 5 6 7 |  7.8
Fighting       | 3 4 |  4.4
Dodging        | |  2.1
Stealth        | |  1.0

Action                   |  1- 3 |  4- 6 |  7- 9 || total
-------------------------+-------+-------+-------++-------
Melee: Club              |     1 |       |       ||     1
       Dagger            |     1 |     9 |       ||    10
       Peck              |       |     2 |       ||     2
       Kick              |       |     3 |       ||     3
       Punch             |       |     1 |       ||     1
 Fire: Shortbow          |    58 |   127 |       ||   185
  Use: Scroll            |       |     3 |       ||     3
       Potion            |       |     3 |     1 ||     4
Armor: Leather armour    |     5 |    14 |       ||    19
Dodge: Dodged            |    11 |    37 |     1 ||    49

Table legend: (Time is in decaauts)
 A = Elapsed time spent in this place.
 B = Non-inter-level travel time spent in this place.
 C = Inter-level travel time spent in this place.
 D = Time resting spent in this place.
 E = Time spent auto-exploring this place.
 F = Levels seen in this place.
 G = Mean time per level.
                   A        B        C        D        E       F      G
               +--------+--------+--------+--------+--------+-----+--------+
         Total |   3773 |   3634 |    139 |    849 |   2087 |   6 |  628.8 |
       Dungeon |   3481 |   3378 |    103 |    849 |   1875 |   5 |  696.2 |
        Temple |    292 |    256 |     36 |      0 |    211 |   1 |  292.0 |
               +--------+--------+--------+--------+--------+-----+--------+

Top non-repeatable levels by time:
     D:3: 1647 daAuts
     D:1: 882 daAuts
     D:2: 599 daAuts
  Temple: 292 daAuts
     D:5: 259 daAuts
     D:4: 94 daAuts
